 Dungeon Crawl Stone Soup version 0.31-a0-1-g4198be8af4 (webtiles) character file.

Game seed: 4116130735746385616

19390 Ahpoh the Carver (level 12, -3/65 HPs)
             Began as a Vine Stalker Warper on May 2, 2023.
             Was a High Priest of Okawaru.
             Slain by a sixfirhy (9 damage)
             ... in a Gauntlet.
             The game lasted 00:40:50 (10257 turns).

Ahpoh the Carver (Vine Stalker Warper)             Turns: 10257, Time: 00:40:50

Health: -3/65      AC: 26    Str: 19    XL:     12   Next: 68%
Magic:  0/16       EV:  4    Int: 13    God:    Okawaru [*****.]
Gold:   759        SH:  0    Dex: 20    Spells: 13/15 levels left

rFire   + . .        a - +2 great sword (freeze)
rCold   + . .        (shield currently unavailable)
rNeg    . . .        Q - +0 gold dragon scales
rPois   +            g - +2 helmet
rElec   .            O - +0 cloak
rCorr   .            l - +0 pair of gloves
SInv    +            K - +2 pair of boots
Will    +....        (no amulet) Stlth
                     R - ring of see invisible
HPRegen 1.10/turn    t - +6 ring of strength
MPRegen 0.15/turn

%: no teleportation, guardian spirit
@: hasted, very quick
A: fangs 3, regeneration 1, magic shield, antimagic bite, no potion heal 2
a: Renounce Religion, Heroism, Finesse, Duel


You were in a Gauntlet.
You worshipped Okawaru.
Okawaru was extremely pleased with you.
You visited 2 branches of the dungeon, and saw 12 of its levels.
You also visited: Ossuary and Gauntlet.

You collected 759 gold pieces.

Inventory:

Hand Weapons
 a - a +2 great sword of freezing (weapon)
Missiles
 d - 7 boomerangs of dispersal
 i - 6 javelins (quivered)
 x - 2 throwing nets
 P - 21 boomerangs
Armour
 g - a +2 helmet (worn)
 l - a +0 pair of gloves (worn)
 K - a +2 pair of boots (worn)
 O - a +0 cloak (worn)
 Q - +0 gold dragon scales (worn)
 U - a +1 helmet of see invisible
Jewellery
 t - a +6 ring of strength (right hand)
 y - a ring of protection from cold
 B - a ring of wizardry
 R - a ring of see invisible (left hand)
 T - a ring of willpower
Wands
 s - a wand of polymorph (12)
 I - a wand of iceblast (23)
 J - a wand of flame (29)
Scrolls
 c - 2 scrolls of blinking
 f - 4 scrolls of enchant weapon
 k - 3 scrolls of teleportation
 m - 3 scrolls of magic mapping
 n - 3 scrolls of enchant armour {unknown}
 o - a scroll of vulnerability
 q - a scroll of fog {unknown}
 r - 4 scrolls of fear {unknown}
 A - 2 scrolls of immolation {unknown}
 C - a scroll of silence {unknown}
 G - 5 scrolls of identify
 L - a scroll of butterflies {unknown}
 M - a scroll of amnesia {unknown}
 N - a scroll of poison {unknown}
Potions
 b - 2 potions of brilliance
 e - 4 potions of curing
 h - 4 potions of attraction
 j - 2 potions of degeneration
 u - a potion of might
 v - 2 potions of cancellation
 w - a potion of resistance {unknown}
 z - 2 potions of flight {unknown}
 D - 2 potions of berserk rage {unknown}
 E - 2 potions of mutation
 F - 2 potions of lignification
 H - 2 potions of heal wounds {unknown}
Miscellaneous
 S - a condenser vane


   Skills:
 + Level 8.4 Fighting
 + Level 13.4 Long Blades
 + Level 2.3 Throwing
 + Level 8.3 Armour
 + Level 4.1 Dodging
 + Level 1.9 Stealth
 + Level 2.3 Spellcasting
 + Level 3.5 Translocations
 + Level 1.8 Invocations
 + Level 0.8 Evocations


You had 13 spell levels left.
You knew the following spells:

 Your Spells              Type           Power      Damage    Failure   Level
a - Blink                 Tloc           20%        N/A       100%        2

Your spell library contained the following spells:

 Spells                   Type           Power      Damage    Failure   Level
 Apportation              Tloc           20%        N/A       100%        1
 Cigotuvi's Dreadful Rot  Necr/Pois/Air  2%         N/A       100%        2
 Lesser Beckoning         Tloc           20%        N/A       100%        2
 Gell's Gravitas          Tloc           10%        N/A       100%        3
 Teleport Other           Tloc           10%        N/A       100%        3
 Vhi's Electric Charge    Tloc/Air       12%        N/A       100%        3
 Dispel Undead            Necr           1%         3d6       100%        4
 Manifold Assault         Tloc           10%        N/A       100%        4
 Passage of Golubria      Tloc           10%        N/A       100%        4
 Alistair's Intoxication  Tmut/Pois      0%         N/A       100%        5
 Yara's Violent Unravell  Hex/Tmut       0%         3d3       100%        5
 Tukima's Dance           Hex            Unusable   N/A       N/A         3
 Death Channel            Necr           Unusable   N/A       N/A         6

Dungeon Overview and Level Annotations

Branches:
Dungeon (11/15)            Temple (1/1) D:5            Lair (0/5) D:9
Ossuary (visited)         Gauntlet (1/1)
    Orc: D:9-12

Altars:
Ashenzari
Cheibriados
Dithmenos
Elyvilon
Fedhas
Gozag
Hepliaklqana
Kikubaaqudgha
Makhleb
Nemelex Xobeh
Okawaru
Qazlal
Ru
Sif Muna
Trog
Uskayaw
Vehumet
Wu Jian
Xom
Yredelemnul
Zin
The Shining One

Shops:
D:3 *   D:4 *

Annotations:
D:8 2 transporters, IdlyInterested's ghost, novice DsRe Gauntlet 6 transporters


Innate Abilities, Weirdness & Mutations

You have razor-sharp teeth.
Your natural rate of healing is unusually fast.
When hurt, damage is shared between your health and your magic reserves.
Your bite disrupts and absorbs the magic of your enemies.
Potions cannot restore your health.


Message History

The sixfirhy hits the demonic plant!
The demonic plant begins to die.
The sixfirhy shocks the demonic plant!
The sixfirhy completely misses you.
The sixfirhy hits you but does no damage. x4
The sixfirhy hits the demonic plant.
The sixfirhy shocks the demonic plant!
The sixfirhy attacks as you move away!
The sixfirhy hits you but does no damage. x6
You hit the sixfirhy. You freeze the sixfirhy.
The sixfirhy is lightly wounded.
The sixfirhy barely misses you. The sixfirhy hits you. The sixfirhy shocks you!
The sixfirhy hits you. The sixfirhy shocks you!
The sixfirhy attacks as you move away!
The sixfirhy hits you but does no damage.
A nearby demonic plant withers and dies.
The sixfirhy hits you. The sixfirhy shocks you!
* * * LOW HITPOINT WARNING * * *
The sixfirhy barely misses you.
You barely miss the sixfirhy. Your bite misses the sixfirhy.
The sixfirhy hits you but does no damage.
The sixfirhy barely misses you. x2
The sixfirhy hits you but does no damage. x2
The sixfirhy hits you.
* * * LOW HITPOINT WARNING * * *
The sixfirhy shocks you!
* * * LOW HITPOINT WARNING * * *
The sixfirhy hits you but does no damage. x6
Blink to where?
Press: ? - help, Q - select action, (/) - cycle Dir - move target
As you read the scroll of blinking, it crumbles to dust.
The sixfirhy hits you but does no damage. x4
You enter the transporter and appear at another place.
The sixfirhy hits you but does no damage.
Okay, then.
You feel yourself speed up. The sixfirhy attacks as you move away!
The sixfirhy hits you but does no damage. x2
The sixfirhy attacks as you move away! The sixfirhy hits you.
* * * LOW HITPOINT WARNING * * *
The sixfirhy shocks you!
You die...

.#..P.....$#..#≈8§#
©#....©.3.§#..#...#
.#.....§...#..#.8.#
##..#P..#..#..#...##
.#........3#..#.8...
.#........3#..#...##
.###########..#3..#
.............≈#.3.##.#
≈............∩#.@....#
.............≈#.©.##.#
.###########..#...# ..
.#..#.....?#..#...# .
.#...#.....#..#.8...
##...#....##..#...##
.#....#.##?#..#.8.#
©#...###..©#..#...#
.#.##©#...=#..#§


You could see 4 sixfirhies.

Vanquished Creatures
  5 two-headed ogres
  The ghost of Ahpoh the Carver, a journeyman VSFi (D:9)
  The ghost of OldManVictorn the Tainter, a novice MeEE of Yredelemnul (D:6)
  A large abomination (Gauntlet)
  Pikel (D:5)
  The ghost of RascalDebosk the Magician, a novice DjCj of Ashenzari (D:6)
  The ghost of logorrheac the Cudgeller, a novice TrBe of Trog (D:6)
  An ugly thing (D:8)
  9 centaur zombies (D:10)
  Maurice (D:10)
  A smoke demon (Gauntlet)
  A rime drake (D:9)
  An unseen horror zombie (D:10)
  A kobold demonologist (D:8)
  2 hornets
  2 meliai zombies (D:10)
  Sigmund (D:2)
  6 yaks
  5 shadows (D:10)
  A wyvern (D:8)
  3 vampires (D:10)
  6 wraiths (D:10)
  Menkaure (D:7)
  Edmund (D:6)
  A water moccasin (D:7)
  2 small abominations (Gauntlet)
  3 ice beasts
  3 sky beasts
  A black bear (D:6)
  4 orc warriors (D:7)
  An ogre (D:5)
  2 wolves (D:8)
  A lemure (D:5)
  A phantom (D:4)
  3 kobold brigands
  3 elf zombies (Ossuary)
  4 bullfrogs
  3 scorpions
  14 wights
  17 killer bees
  2 crimson imps (Gauntlet)
  5 howler monkeys
  A jelly (D:5)
  9 orc priests
  3 hounds
  Crazy Yiuf (D:6)
  5 iguanas
  A sleepcap (D:6)
  11 orc wizards
  2 hound zombies (Ossuary)
  4 mummies (Ossuary)
  7 adders
  3 white imps (D:7)
  An ufetubus (D:5)
  A worm (D:2)
  2 dart slugs (D:1)
  47 orcs
  10 ball pythons
  9 endoplasms
  4 giant cockroaches
  2 gnoll zombies (Ossuary)
  6 goblins
  8 hobgoblins
  2 quokkas (D:1)
  5 bats
  2 frilled lizards
  2 goblin zombies (Ossuary)
  A hobgoblin zombie (Ossuary)
  A jackal zombie (Ossuary)
  15 kobolds
  An orc zombie (Ossuary)
  7 rats
297 creatures vanquished.

Vanquished Creatures (others)
  An orc wizard (D:7)
  19 demonic plants (Gauntlet)
  8 fungi
  8 plants (Gauntlet)
  5 withered plants
41 creatures vanquished.

Grand Total: 338 creatures vanquished

Notes
Turn   | Place    | Note
-------+----------+-------------------------------------------
     0 | D:1      | Ahpoh the Vine Stalker Warper began the quest for the Orb.
     0 | D:1      | Reached XP level 1. HP: 11/11 MP: 4/4
   157 | D:1      | Reached XP level 2. HP: 15/15 MP: 6/6
   181 | D:1      | Reached skill level 2 in Long Blades
   191 | D:1      | Learned a level 2 spell: Blink
   375 | D:1      | Reached XP level 3. HP: 18/18 MP: 7/7
   680 | D:1      | Reached skill level 1 in Armour
   897 | D:1      | Found a faded altar of an unknown god.
  1277 | D:2      | Noticed Sigmund
  1799 | D:2      | Gained mutation: Your natural rate of healing is unusually
                  | fast. [Vine Stalker growth]
  1799 | D:2      | Reached XP level 4. HP: 23/23 MP: 8/8
  2309 | D:3      | Found an opulent altar of Gozag.
  2316 | D:3      | Found Gozag's Platinum Reserve.
  2458 | D:3      | Identified the +8 dagger of Ekolab {flame, rElec rC+ rCorr}
  2686 | D:4      | Found a broken altar of Ashenzari.
  2686 | D:4      | Found a basalt altar of Yredelemnul.
  2686 | D:4      | Found an ornate altar of the Wu Jian Council.
  2686 | D:4      | Found a stormy altar of Qazlal.
  2686 | D:4      | Found a sacrificial altar of Ru.
  2687 | D:4      | Found a white marble altar of Elyvilon.
  2687 | D:4      | Found a glowing golden altar of the Shining One.
  2716 | D:4      | Noticed a phantom
  2729 | D:4      | Killed a phantom
  2730 | D:4      | Reached skill level 3 in Long Blades
  2730 | D:4      | Reached skill level 1 in Stealth
  2730 | D:4      | Reached XP level 5. HP: 25/27 MP: 9/9
  2842 | D:4      | Found Yntuohycs's Fire Supplies.
  2992 | D:4      | Reached XP level 6. HP: 30/32 MP: 8/10
  3136 | D:4      | Found a blossoming altar of Fedhas.
  3451 | D:5      | Entered Level 5 of the Dungeon
  3487 | D:5      | Found a sand-covered staircase.
  3498 | Ossuary  | Entered an ossuary
  3524 | Ossuary  | Reached skill level 4 in Long Blades
  3570 | Ossuary  | Reached XP level 7. HP: 25/36 MP: 9/11
  3641 | Ossuary  | Identified the +2 leather armour of the Guilds {rPois rCorr
                  | Str+4 Int-2}
  3854 | D:5      | Noticed Pikel
  3882 | D:5      | Killed Pikel
  3883 | D:5      | Reached skill level 5 in Long Blades
  3883 | D:5      | Gained mutation: You have razor-sharp teeth. [Vine Stalker
                  | growth]
  3883 | D:5      | Reached XP level 8. HP: 13/42 MP: 1/12
  4238 | D:5      | Found a shimmering blue altar of Sif Muna.
  4300 | D:5      | Reached skill level 6 in Long Blades
  4502 | D:5      | Found a staircase to the Ecumenical Temple.
  4654 | D:5      | Reached skill level 1 in Throwing
  4687 | Temple   | Entered the Ecumenical Temple
  4694 | Temple   | Became a worshipper of Warmaster Okawaru
  4978 | D:6      | Reached XP level 9. HP: 35/46 MP: 8/13
  5057 | D:6      | Found a runed translucent gate.
  5059 | D:6      | Found a runed translucent gate.
  5075 | D:6      | Noticed Edmund
  5090 | D:6      | Killed Edmund
  5243 | D:6      | Reached * piety under Okawaru
  5284 | D:6      | Found a runed translucent door.
  5285 | D:6      | Noticed Crazy Yiuf
  5295 | D:6      | Killed Crazy Yiuf
  5296 | D:6      | Reached skill level 7 in Long Blades
  5337 | D:6      | Found a runed translucent gate.
  5340 | D:6      | Noticed logorrheac's ghost (novice TrBe)
  5340 | D:6      | Noticed OldManVictorn's ghost (novice MeEE)
  5340 | D:6      | Noticed RascalDebosk's ghost (novice DjCj)
  5655 | D:2      | Killed Sigmund
  5869 | D:7      | Found a runed translucent door.
  5940 | D:7      | Reached skill level 5 in Armour
  5956 | D:7      | Reached skill level 5 in Fighting
  6008 | D:7      | Reached skill level 8 in Long Blades
  6086 | D:7      | Reached ** piety under Okawaru
  6551 | D:7      | Noticed Menkaure
  6566 | D:7      | Killed Menkaure
  6567 | D:7      | Reached XP level 10. HP: 42/51 MP: 11/14
  7042 | D:8      | Noticed a moth of wrath
  7042 | D:8      | Noticed IdlyInterested's ghost (novice DsRe)
  7061 | D:8      | Found a transporter.
  7078 | D:8      | Found a transporter.
  7111 | D:8      | Noticed a two-headed ogre
  7121 | D:8      | Killed a two-headed ogre
  7122 | D:8      | Reached skill level 9 in Long Blades
  7199 | D:7      | Paralysed by a hornet for 3 turns
  7235 | D:8      | Reached *** piety under Okawaru
  7396 | D:8      | Noticed a red ugly thing
  7405 | D:8      | Killed a red ugly thing
  7650 | D:9      | Noticed a kobold demonologist
  7691 | D:8      | Noticed a rust devil
  7693 | D:8      | Killed a kobold demonologist
  7694 | D:8      | Reached skill level 10 in Long Blades
  7831 | D:8      | Reached **** piety under Okawaru
  7832 | D:8      | Reached XP level 11. HP: 57/58 MP: 15/15
  8239 | D:6      | Killed RascalDebosk's ghost
  8240 | D:6      | Reached skill level 11 in Long Blades
  8245 | D:6      | Killed OldManVictorn's ghost
  8247 | D:6      | Killed logorrheac's ghost
  8248 | D:6      | Reached skill level 1 in Invocations
  8382 | D:9      | Noticed a two-headed ogre
  8440 | D:9      | Received a gift from Okawaru
  8557 | D:9      | Found a staircase to the Lair.
  8665 | D:9      | Found a burning altar of Makhleb.
  8670 | D:9      | Noticed a blizzard demon
  8671 | D:9      | Found a glowing silver altar of Zin.
  8672 | D:9      | Noticed an angel
  8736 | D:9      | Found a transporter.
  8738 | D:9      | Noticed Ahpoh's ghost (journeyman VSFi)
  8739 | D:9      | Identified the +0 great mace "Vuat" {freeze, rElec Str+4
                  | Int+2}
  8739 | D:9      | Noticed a two-headed ogre
  8739 | D:9      | Noticed a two-headed ogre
  8743 | D:9      | Noticed a two-headed ogre
  8836 | D:9      | Found a transporter.
  8853 | D:9      | Killed a two-headed ogre
  8875 | D:9      | Killed Ahpoh's ghost
  8891 | D:9      | Killed a two-headed ogre
  8909 | D:9      | Killed a two-headed ogre
  8926 | D:9      | Killed a two-headed ogre
  8927 | D:9      | Reached skill level 12 in Long Blades
  8975 | D:10     | Entered Level 10 of the Dungeon
  9121 | D:10     | Reached XP level 12. HP: 62/63 MP: 16/16
  9149 | D:10     | Identified the +1 dagger "Kunteruz" {elec, rF+ rN+ Str-3}
  9181 | D:10     | Reached ***** piety under Okawaru
  9429 | D:10     | Identified the +1 triple sword of Wicked Optimality {venom,
                  | Str+3} (Okawaru gifted it to you on level 10 of the
                  | Dungeon)
  9429 | D:10     | Received a gift from Okawaru
  9538 | D:10     | Noticed Maurice
  9574 | D:10     | Killed Maurice
  9575 | D:10     | Reached skill level 13 in Long Blades
  9897 | D:11     | Found an ornate altar of the Wu Jian Council.
  9970 | D:11     | Noticed a two-headed ogre
  9987 | D:11     | Found a gate leading to a gauntlet.
  9991 | D:11     | Noticed a boulder beetle
 10007 | Gauntlet | Entered a Gauntlet
 10007 | Gauntlet | Found a transporter.
 10007 | Gauntlet | Found a transporter.
 10007 | Gauntlet | Found a transporter.
 10009 | Gauntlet | Noticed a catoblepas
 10010 | Gauntlet | Found a transporter.
 10011 | Gauntlet | Found a transporter.
 10011 | Gauntlet | Found a transporter.
 10018 | Gauntlet | Noticed a cacodemon
 10026 | Gauntlet | Found a transporter.
 10030 | Gauntlet | Found a transporter.
 10035 | Gauntlet | Found a transporter.
 10035 | Gauntlet | Found a transporter.
 10045 | Gauntlet | Noticed a quicksilver ooze
 10048 | Gauntlet | Found a transporter.
 10052 | Gauntlet | Found a transporter.
 10257 | Gauntlet | Slain by a sixfirhy

Illustrated notes

Levels and vault maps discovered:
D:1:      roderic_dead_forest, layout_basic, shapermc_ecumenical_altar_pompeii
D:2:      layout_loops_corners, minmay_misc_feat_cross, skrybe_limestone_x,
          uniq_sigmund
D:3:      layout_loops_cross, nicolae_gozag_zags_fifth_avenue
D:4:      layout_rooms, lemuel_tele_altar, grunt_temple_overflow_open,
          nicolae_shop_fire_sale [nicolae_sub_dead_trees], kennysheep_dice
D:5:      layout_loops_ring, lemuel_round_altar, minmay_temple_entry_nine_rooms,
          lightli_ossuary_entry_decrepit_ruins, dk_rats_in_the_wall, uniq_pikel
D:6:      layout_rooms, gammafunk_ghost_cemetery, minmay_misc_feat_tiny,
          uniq_crazy_yiuf_cottage, uniq_edmund
D:7:      layout_basic, lightli_church_of_beogh, uniq_menkaure
D:8:      layout_rooms, gammafunk_ghost_berserking_beasts,
          dreamdust_wishing_well
D:9:      layout_cave_pools, grunt_temple_overflow_order_and_chaos_2,
          hellmonk_lair_entry_icy, gammafunk_ghost_smash
D:10:     layout_small_grid, serial_undead, serial_undead_a, serial_undead_e,
          serial_undead_a, serial_undead_d, serial_undead_a, serial_undead_e,
          uniq_maurice, uniq_maggie
D:11:     cheibrodos_helix_gallery, layout_basic, hiddenorc1_lemuel,
          gauntlet_entry_generic, pdpol_wu_jian_five_deadly_venoms
Temple:   hellmonk_temple_micro_hex
Gauntlet: gammafunk_gauntlet_hard_choice [gammafunk_gauntlet_arena_arrow_garden,
          nicolae_gauntlet_arena_flowing_pool, gammafunk_gauntlet_arena_split_x,
          nicolae_gauntlet_arena_x, nicolae_gauntlet_swirl,
          gammafunk_gauntlet_arena_hedges, gauntlet_exit_watery]

Skill      XL: |  1  2  3  4  5  6  7  8  9 10 11 12 |
---------------+-------------------------------------+-----
Long Blades    | 2 3 4 5 6 8 10 12 13 | 13.4
Fighting       | 2 3 4 5 6 7 8 |  8.4
Armour         | 1 2 3 4 5 6 7 8 |  8.3
Dodging        | 2 3 4 |  4.1
Stealth        | 1 |  1.9
Throwing       | 1 2 |  2.3
Invocations    | 1 |  1.8
Spellcasting   | |  2.3
Translocations | |  3.5
Evocations     | |  0.8

Action                     |  1- 3 |  4- 6 |  7- 9 | 10-12 || total
---------------------------+-------+-------+-------+-------++-------
  Melee: Falchion          |   100 |   181 |   451 |     6 ||   738
         Bite              |    21 |    42 |   152 |   144 ||   359
         Punch             |       |       |     5 |       ||     5
         Great sword       |       |       |       |   424 ||   424
         Long sword        |       |       |       |     2 ||     2
  Throw: Boomerang         |       |       |     6 |     4 ||    10
         Javelin           |       |       |       |     7 ||     7
 Invoke: Heroism           |       |       |     1 |    11 ||    12
         Finesse           |       |       |       |     2 ||     2
  Evoke: Wand              |       |       |     1 |     5 ||     6
    Use: Scroll            |     3 |     3 |     6 |     2 ||    14
         Potion            |       |     3 |     1 |     2 ||     6
 Armour: Leather armour    |    38 |       |       |       ||    38
         Ring mail         |       |    11 |       |       ||    11
         Scale mail        |       |    81 |    65 |       ||   146
         Skin              |       |   184 |    67 |       ||   251
         Chain mail        |       |       |   104 |    53 ||   157
         Gold dragon scale |       |       |       |   637 ||   637
  Dodge: Dodged            |    65 |   101 |   164 |   179 ||   509

Table legend: (Time is in decaauts)
 A = Elapsed time spent in this place.
 B = Non-inter-level travel time spent in this place.
 C = Inter-level travel time spent in this place.
 D = Time resting spent in this place.
 E = Time spent auto-exploring this place.
 F = Levels seen in this place.
 G = Mean time per level.
                   A        B        C        D        E       F      G
               +--------+--------+--------+--------+--------+-----+--------+
         Total |  10352 |   9857 |    495 |    457 |   5563 |  14 |  739.4 |
       Dungeon |   9795 |   9300 |    495 |    394 |   5484 |  11 |  890.5 |
        Temple |     14 |     14 |      0 |      0 |      0 |   1 |   14.0 |
       Ossuary |    297 |    297 |      0 |      0 |     79 |   1 |  297.0 |
      Gauntlet |    244 |    244 |      0 |     63 |      0 |   1 |  244.0 |
               +--------+--------+--------+--------+--------+-----+--------+

Top non-repeatable levels by time:
     D:8: 1221 daAuts
     D:7: 1184 daAuts
     D:1: 1177 daAuts
     D:5: 1061 daAuts
     D:2: 966 daAuts
     D:6: 928 daAuts
    D:10: 871 daAuts
     D:4: 814 daAuts
     D:3: 696 daAuts
     D:9: 691 daAuts
 Ossuary: 297 daAuts
Gauntlet: 244 daAuts
    D:11: 182 daAuts
  Temple: 14 daAuts
